 Dungeon Crawl Stone Soup version 0.26.1-16-g4e020e15dc (webtiles) character file.

Game seed: 13876816419281742439

332660 Froggeryz the Warrior (level 20, -2/193 HPs)
             Began as a Demigod Gladiator on Feb 11, 2024.
             Slain by a hellwing (3 damage)
             ... summoned by a deep elf mage
             ... led by an ironheart preserver
             ... on level 4 of the Vaults on Feb 12, 2024.
             The game lasted 01:32:18 (56446 turns).

Froggeryz the Warrior (Demigod Gladiator)          Turns: 56446, Time: 01:32:18

Health: -2/193     AC: 15    Str: 28 (29) XL:     20   Next: 7%
Magic:  30/30      EV: 14    Int: 22 (23) God:
Gold:   1366       SH: 10    Dex: 17      Spells: 17/27 levels left

rFire    + . .     SeeInvis +   j - +7 demon whip of Kaepume {freeze, rF+ rC+ Str+2}
rCold    + + .     Faith    .   D - +2 buckler {reflect}
rNeg     + . .     Spirit   .   Z - +0 pearl dragon scales
rPois    +         Reflect  +   J - +2 hat {Int+3}
rElec    +         Harm     .   v - +0 cloak of Sovaor {rC+ SInv}
rCorr    .         Rampage  .   s - +3 pair of gauntlets of War {Slay+5}
Will     +++..                  C - +1 pair of boots
Stlth    ..........             M - amulet of Wanyt {+Blink rElec Regen+ Int+4}
HPRegen  0.82/turn              u - ring of poison resistance
MPRegen  0.22/turn              f - +4 ring of slaying

@: about to teleport, corroded
A: antennae 1, hooves 1, blink, clever 1, deterioration 1, high mp 1,
strong-willed 1
}: 2/15 runes: decaying, serpentine
a: Blink, Evoke Blink


You were on level 4 of the Vaults.
You visited 7 branches of the dungeon, and saw 36 of its levels.
You also visited: Bailey and Gauntlet.

You collected 4469 gold pieces.
You spent 3103 gold pieces at shops.

Inventory:

Hand Weapons
 j - the +7 demon whip of Kaepume (weapon) {freeze, rF+ rC+ Str+2}
   (You acquired it on level 13 of the Dungeon)

   It has been specially enchanted to freeze those struck by it, causing extra
   injury to most foes and up to half again as much damage against particularly
   susceptible opponents.
   It can also slow down cold-blooded creatures.
   It affects your strength (+2).
   It protects you from fire.
   It protects you from cold.
 X - a +9 morningstar of freezing
Missiles
 d - 5 throwing nets
 g - 11 silver boomerangs
 i - 127 poisoned darts (quivered)
 F - 60 boomerangs
 H - 11 silver javelins
 P - 24 javelins
Armour
 s - the +3 pair of gauntlets of War (worn) {Slay+5}
   (You bought it in a shop on level 2 of the Orcish Mines)

   It affects your accuracy and damage with ranged weapons and melee attacks
   (+5).
 v - the +0 cloak of Sovaor (worn) {rC+ SInv}
   (You found it on level 14 of the Dungeon)

   It protects you from cold.
   It lets you see invisible.
 C - a +1 pair of boots (worn)
 D - a +2 buckler of reflection (worn)
 J - a +2 hat of intelligence (worn)
 Z - +0 pearl dragon scales (worn)
Jewellery
 f - a +4 ring of slaying (right hand)
 o - an uncursed ring of see invisible
 u - a ring of poison resistance (left hand)
 A - an uncursed ring of protection from cold
 M - the amulet of Wanyt (around neck) {+Blink rElec Regen+ Int+4}
   (You found it in a bailey)

   [amulet of regeneration]

   It affects your intelligence (+4).
   It insulates you from electricity.
   It lets you blink.
   It increases your rate of regeneration.
 R - an uncursed ring of protection from fire
Wands
 r - a wand of flame (72)
 B - a wand of paralysis (12)
 G - a wand of digging (6)
 I - a wand of disintegration (32)
 L - a wand of acid (6)
 T - a wand of enslavement (16)
 U - a wand of iceblast (22)
Scrolls
 h - 8 scrolls of enchant weapon
 l - 9 scrolls of magic mapping
 m - 2 scrolls of holy word {unknown}
 n - 4 scrolls of enchant armour
 q - 18 scrolls of remove curse
 t - 4 scrolls of teleportation
 y - 3 scrolls of blinking
 E - a scroll of summoning
 N - 4 scrolls of identify
 Q - 4 scrolls of fog
 V - 3 scrolls of silence
Potions
 a - 2 potions of invisibility
 b - 11 potions of curing
 c - 5 potions of brilliance
 e - 8 potions of flight
 p - 4 potions of might
 w - 2 potions of heal wounds
 z - 4 potions of haste
 K - 3 potions of resistance
 S - a potion of berserk rage
 Y - 3 potions of mutation
Miscellaneous
 k - a phantom mirror
 x - a condenser vane
 O - a lightning rod (4/4)
 W - a tin of tremorstones (2/2)


   Skills:
 + Level 20.1 Fighting
 - Level 16.1 Maces & Flails
 - Level 2.0 Throwing
 - Level 13.7 Armour
 - Level 5.5 Dodging
 + Level 14.9 Shields
 - Level 4.0 Spellcasting
 - Level 6.3 Translocations
 - Level 8.0 Evocations


You had 17 spell levels left.
You knew the following spells:

 Your Spells              Type           Power        Failure   Level
a - Lesser Beckoning      Tloc           16%          4%          3
b - Borgnjor's Vile Clut  Necr/Erth      2%           99%         5
c - Blink                 Tloc           N/A          2%          2

Your spell library contained the following spells:

 Spells                   Type           Power        Failure   Level
 Apportation              Tloc           64%          1%          1
 Gell's Gravitas          Tloc           16%          4%          3
 Teleport Other           Tloc           32%          4%          3
 Passage of Golubria      Tloc           N/A          16%         4
 Animate Skeleton         Necr           8%           22%         1
 Beastly Appendage        Tmut           8%           22%         1
 Foxfire                  Conj/Fire      16%          22%         1
 Pain                     Necr           16%          22%         1
 Sting                    Tmut/Pois      16%          22%         1
 Summon Small Mammal      Summ           16%          22%         1
 Call Imp                 Summ           4%           32%         2
 Passwall                 Tmut/Erth      3%           32%         2
 Poisonous Vapours        Pois/Air       8%           32%         2
 Wereblood                Tmut           4%           32%         2
 Call Canine Familiar     Summ           4%           54%         3
 Conjure Flame            Conj/Fire      4%           54%         3
 Ignite Poison            Fire/Tmut/Pois 4%           54%         3
 Inner Flame              Hex/Fire       4%           54%         3
 Mephitic Cloud           Conj/Pois/Air  4%           54%         3
 Spider Form              Tmut/Pois      2%           54%         3
 Summon Guardian Golem    Hex/Summ       4%           54%         3
 Tukima's Dance           Hex            4%           54%         3
 Vampiric Draining        Necr           2%           54%         3
 Animate Dead             Necr           2%           91%         4
 Dispel Undead            Necr           4%           91%         4
 Ice Form                 Ice/Tmut       4%           91%         4
 Olgreb's Toxic Radiance  Pois           4%           91%         4
 Sticky Flame             Conj/Fire      4%           91%         4
 Summon Ice Beast         Ice/Summ       4%           91%         4
 Summon Lightning Spire   Summ/Air       4%           91%         4
 Agony                    Necr           4%           99%         5
 Alistair's Intoxication  Tmut/Pois      2%           99%         5
 Blade Hands              Tmut           2%           99%         5
 Fireball                 Conj/Fire      2%           99%         5
 Eringya's Noxious Bog    Tmut/Pois      2%           100%        6
 Invisibility             Hex            4%           100%        6
 Statue Form              Tmut/Erth      2%           100%        6
 Malign Gateway           Summ/Tloc      9%           100%        7
 Monstrous Menagerie      Summ           2%           100%        7
 Summon Greater Demon     Summ           2%           100%        7
 Summon Horrible Things   Summ           2%           100%        8


Dungeon Overview and Level Annotations

Branches:
Dungeon (15/15)            Temple (0/1) D:6            Lair (6/6) D:11
  Swamp (4/4) Lair:3        Snake (4/4) Lair:2        Slime (0/5) Lair:6
    Orc (2/2) D:11            Elf (0/3) Orc:2        Vaults (4/5) D:13
  Crypt (0/3) Vaults:2     Depths (1/5) D:15         Bailey (visited)
Gauntlet (visited)

Shops:
D:4 !   D:7 *   D:15 }   Orc:2 ::**   Snake:2 :   Vaults:4 :

Portals:
Trove: D:10 (give 12 potions of heal wounds)

Annotations:
D:14 3 runed translucent doors
Swamp:4 Iffuusoj's ghost, adept MiBe
Snake:2 3 runed translucent doors, Sokuv's ghost, adept DECj
Snake:3 2 transporters, Froggeryz's ghost, adept OpBe


Innate Abilities, Weirdness & Mutations

You have an increased reservoir of magic. (+10% MP)
You have a pair of small antennae on your head.
You have large cloven feet.
You can translocate small distances at will.
Your mind is acute. (Int +2)
Your body sometimes deteriorates upon taking damage.
You are strong-willed. (Will+)


Message History

The deep elf mage blinks!
The demonic crawler hits you!
* * * LOW HITPOINT WARNING * * *
The demonic crawler barely misses you. The demonic crawler hits you.
* * * LOW HITPOINT WARNING * * *
The hellwing hits you but does no damage.
You block the hellwing's attack.
You feel much better. You block the entropy weaver's attack.
The entropy weaver hits you but does no damage.
The entropy weaver hits you!
* * * LOW HITPOINT WARNING * * *
The entropy weaver hits you but does no damage.
You block the ironbrand convoker's attack.
The jumping spider leaps!
You block the demonic crawler's attack. The demonic crawler closely misses you.
You block the demonic crawler's attack.
The orc knight hits you with a +0 war axe!
* * * LOW HITPOINT WARNING * * *
The hellwing hits you!
* * * LOW HITPOINT WARNING * * *
The hellwing hits you.
You die... # #.....# # #.....# #..+ #.....# #..# #.....# ...# #...(.# ...# #.....# ...# #.e44(# ...# #.Bsoo#

...###########ep@4.#
.................s.#
........^.......e..#
.........(...°(....#
....)..............#
#####..............#
....#..............#
....#..............#
....#..............#


You could see an entropy weaver (strong), an orc knight, a demonic crawler
(summoned, strong), an orange demon (summoned), a deep elf archer (strong,
repels missiles), an ironbrand convoker, a hellwing (summoned), a rust devil
(summoned), 2 deep elf magi, a redback (summoned) and an orc (strong).

Vanquished Creatures
  Nikola (Swamp:2)
  Jorgrun (D:14)
  Gastronok (Lair:1)
  Agnes (Snake:1)
  2 sphinxes
  Roxanne (Swamp:4)
  3 tengu reavers
  11 nagarajas
  The ghost of morax the Severer, an adept FoFi of Uskayaw (Swamp:2)
  A frost giant (Vaults:3)
  The ghost of reggie the Thaumaturge, a journeyman DrWz of Sif Muna (Swamp:4)
  3 fire giants
  2 orc warlords
  9 vault wardens
  3 deep elf sorcerers
  Aizul (Snake:1)
  4 very ugly things (Vaults:2)
  11 ironheart preservers
  A deep elf demonologist (Vaults:2)
  5 stone giants
  Nessos (D:15)
  A deep elf annihilator (Vaults:2)
  6 bunyips
  3 entropy weavers
  A minotaur (Gauntlet)
  7 eleionomae
  4 fire dragons
  2 ettins
  A yaktaur captain (Vaults:3)
  The ghost of Beocich the Carver, a journeyman MiBe of Trog (Orc:1)
  10 naga warriors
  5 ogre magi
  3 great orbs of eyes
  An ice dragon (Vaults:2)
  10 boulder beetles
  14 vault guards
  Fannar (D:10)
  6 centaur warriors
  21 two-headed ogres
  22 anacondas
  A deep troll earth mage (Vaults:4)
  22 hydras
  4 catoblepae
  7 alligators
  4 death knights
  A queen ant (D:10)
  A deep troll shaman (Lair:6)
  6 death yaks (Lair:6)
  3 orc high priests (Orc:2)
  4 tengu warriors
  21 naga sharpshooters
  9 shock serpents
  Urug (D:12)
  Nergalle (D:12)
  A fire crab (Swamp:4)
  5 deep elf knights
  A sixfirhy (Gauntlet)
  A shadow wraith (Vaults:1)
  A goliath frog (Swamp:1)
  6 salamander mystics
  11 skeletal warriors
  2 flayed ghosts
  4 unseen horrors
  2 bog bodies
  3 glowing orange brains
  4 deep trolls (Vaults:4)
  15 ironbrand convokers
  7 swamp dragons
  3 wizards
  A sphinx zombie (D:15)
  3 necromancers
  10 harpies (Vaults:3)
  4 naga ritualists
  5 lindwurms
  17 orc knights
  6 deep elf archers
  A wolf spider zombie (Vaults:1)
  2 phantasmal warriors (Vaults:4)
  A tengu skeleton (Vaults:2)
  11 mana vipers
  4 oklob plants
  A wolf spider (Vaults:1)
  A manticore (D:14)
  8 orc sorcerers
  6 cyclopes
  16 ugly things
  17 deep elf magi
  6 will-o-the-wisps
  A salamander (shapeshifter) (Vaults:1)
  10 salamanders
  3 elephants (Lair:6)
  8 vault sentinels
  A stone giant skeleton (Vaults:3)
  Maurice (D:12)
  2 spriggan zombies (D:15)
  2 fire giant skeletons (Vaults:2)
  7 guardian serpents
  31 black mambas
  A frost giant skeleton (Vaults:2)
  6 cane toads
  A molten gargoyle (Lair:6)
  3 human skeletons (Vaults:2)
  27 naga magi
  Maggie (D:8)
  2 human zombies
  7 freezing wraiths
  3 rime drakes
  2 kobold demonologists
  An efreet (D:13)
  7 komodo dragons
  A yaktaur skeleton (Vaults:3)
  A jumping spider (shapeshifter) (D:15)
  23 yaktaurs
  9 trolls
  2 tengu conjurers
  5 polar bears
  4 meliai
  A jumping spider (Vaults:3)
  Grinder (D:6)
  10 tyrant leeches
  9 hornets
  A boulder beetle zombie (Vaults:1)
  22 blink frogs
  2 raiju (Gauntlet)
  19 slime creatures
  7 dream sheep (Lair:5)
  A meliai zombie (D:13)
  4 spriggans
  A centaur simulacrum (D:14)
  A vampire (D:10)
  4 redbacks
  A spriggan skeleton (D:15)
  A tarantella (Vaults:3)
  2 ettin skeletons (Vaults:2)
  7 wyverns
  43 yaks
  A wraith (D:13)
  2 basilisks
  5 neqoxecs (Orc:1)
  2 vampire mosquitoes (Swamp:1)
  2 yaktaur simulacra
  4 steam dragons
  59 nagas
  4 wargs
  6 soldier ants
  An acid dragon (D:15)
  9 swamp worms
  13 water moccasins
  59 orc warriors
  7 ice beasts
  2 phantoms
  2 sky beasts
  An eye of draining (D:13)
  8 swamp drakes
  2 necrophages
  5 boggarts
  23 ogres
  8 black bears
  11 wolves
  14 centaurs
  An elf skeleton (Vaults:2)
  4 big kobolds
  18 bullfrogs
  A wyvern zombie (D:11)
  A water moccasin zombie (D:11)
  A wyvern skeleton (D:13)
  4 scorpions
  14 killer bees
  13 wights
  An electric eel (Lair:1)
  6 howler monkeys
  A lava snake (Swamp:4)
  5 centaur zombies
  7 hounds
  6 jellies
  4 quasits
  A bullfrog zombie (D:12)
  24 orc priests
  4 bullfrog skeletons
  4 centaur skeletons
  7 iguanas
  20 orc wizards
  26 worker ants
  A lightning spire (Gauntlet)
  2 killer bee zombies
  A hound skeleton (D:8)
  A howler monkey zombie (D:11)
  A worker ant zombie (D:8)
  15 gnolls
  19 adders
  3 shadow imps
  8 ufetubi
  An ooze (D:6)
  An adder zombie (D:9)
  2 worms
  4 dart slugs (D:1)
  7 leopard geckos
  141 orcs
  2 ball pythons (Snake:2)
  3 bats
  10 giant cockroaches
  21 goblins
  23 hobgoblins
  13 jackals
  4 quokkas
  5 frilled lizards
  A giant cockroach zombie (D:6)
  A jackal skeleton (D:4)
  21 kobolds
  A leopard gecko zombie (D:8)
  2 quokka skeletons (D:4)
  3 rats
  A fire vortex (Swamp:4)
1504 creatures vanquished.

Vanquished Creatures (others)
  2 unseen horrors
  A bog body (Swamp:2)
  A lindwurm (Swamp:4)
  A will-o-the-wisp (Swamp:2)
  3 bloated husks
  A basilisk (D:14)
  3 steam dragons (Swamp:4)
  2 swamp drakes (Swamp:4)
  A bush (Lair:6)
  28 foxfires
  21 fungi
  48 plants
  14 withered plants (D:15)
126 creatures vanquished.

Grand Total: 1630 creatures vanquished

Notes
Turn   | Place    | Note
-------+----------+-------------------------------------------
     0 | D:1      | Froggeryz the Demigod Gladiator began the quest for the
                  | Orb.
     0 | D:1      | Reached XP level 1. HP: 17/17 MP: 3/3
   216 | D:1      | Reached skill level 2 in Fighting
   225 | D:1      | Reached XP level 2. HP: 24/24 MP: 4/4
  1058 | D:1      | Reached skill level 1 in Armour
  1174 | D:2      | Reached XP level 3. HP: 27/29 MP: 5/5
  2356 | D:3      | Reached XP level 4. HP: 32/37 MP: 6/6
  2839 | D:3      | Reached skill level 3 in Fighting
  3079 | D:4      | Noticed a phantom
  3101 | D:4      | Reached XP level 5. HP: 39/45 MP: 7/7
  3255 | D:3      | Killed a phantom
  3256 | D:3      | Reached skill level 5 in Maces & Flails
  3372 | D:4      | Reached XP level 6. HP: 45/51 MP: 8/8
  3679 | D:4      | Found Disirph's Distillery.
  3756 | D:4      | Bought a potion of degeneration for 12 gold pieces
  3757 | D:4      | Bought a potion of heal wounds for 60 gold pieces
  3767 | D:4      | Found a stormy altar of Qazlal.
  3793 | D:4      | Got a steaming whip
  3794 | D:4      | Identified the +4 whip "Xialem" {speed, +Inv Dex+4} (You
                  | found it on level 4 of the Dungeon)
  4064 | D:4      | Found a glowing golden altar of the Shining One.
  4241 | D:4      | Reached skill level 4 in Fighting
  4394 | D:5      | Entered Level 5 of the Dungeon
  4467 | D:5      | Found an opulent altar of Gozag.
  4871 | D:5      | Reached XP level 7. HP: 59/59 MP: 9/9
  4954 | D:5      | Noticed Sigmund
  4961 | D:5      | Noticed Sigmund
  4961 | D:5      | Sigmund changed into Sigmund the adder
  4968 | D:5      | Killed Sigmund the adder
  5449 | D:6      | Noticed Grinder
  5461 | D:6      | Killed Grinder
  5462 | D:6      | Reached skill level 5 in Fighting
  5765 | D:6      | Found a staircase to the Ecumenical Temple.
  5934 | D:6      | Found a broken altar of Ashenzari.
  6002 | D:6      | Reached XP level 8. HP: 53/69 MP: 10/10
  6546 | D:7      | Found Papro's Assorted Antiques.
  6561 | D:7      | Bought a scroll labelled PUOWES EQ PYGH for 24 gold pieces
  6561 | D:7      | Bought a scroll labelled SUEPHU NAFRIV for 24 gold pieces
  6561 | D:7      | Bought a scroll labelled HAMUHU LAIMEAL for 24 gold pieces
  6561 | D:7      | Bought a murky dark potion for 21 gold pieces
  6561 | D:7      | Bought an inky potion for 21 gold pieces
  6810 | D:7      | Reached skill level 1 in Shields
  7713 | D:7      | You fall into a shaft and drop 1 floor!
  7713 | D:8      | Found an ancient bone altar of Kikubaaqudgha.
  7791 | D:8      | Noticed a five-headed hydra
  8520 | D:8      | Reached XP level 9. HP: 36/75 MP: 11/11
  8958 | D:8      | Noticed Maggie
  8971 | D:8      | Killed Maggie
  8972 | D:8      | Reached skill level 6 in Fighting
  9778 | D:8      | Found an ornate altar of the Wu Jian Council.
  9930 | D:9      | Reached skill level 10 in Maces & Flails
 10095 | D:9      | Found a flagged portal.
 10104 | Bailey   | Entered a bailey
 10650 | Bailey   | Reached skill level 7 in Fighting
 10650 | Bailey   | Reached XP level 10. HP: 19/86 MP: 13/13
 11173 | Bailey   | Noticed an orc warlord
 11174 | Bailey   | Noticed an orc knight
 11231 | Bailey   | Killed an orc warlord
 11232 | Bailey   | Reached skill level 5 in Armour
 11257 | Bailey   | Killed an orc knight
 11608 | Bailey   | Got a warped sapphire amulet
 11609 | Bailey   | Identified 2 scrolls of acquirement
 11609 | Bailey   | Acquired the amulet of Gluttony {RegenMP rElec Str+6 Int-3
                  | Dex+3}
 11617 | Bailey   | Identified the amulet of Wanyt {+Blink rElec Regen+ Int+4}
                  | (You found it in a bailey)
 11617 | Bailey   | Acquired 676 gold pieces
 11817 | D:9      | Noticed a two-headed ogre
 12058 | D:9      | Reached skill level 8 in Fighting
 12545 | D:9      | Killed a two-headed ogre
 12761 | D:10     | Entered Level 10 of the Dungeon
 13041 | D:9      | Gained mutation: You are weak. (Str -2) [potion of
                  | mutation]
 13041 | D:9      | Gained mutation: You have a pair of small antennae on your
                  | head. [potion of mutation]
 13042 | D:9      | Lost mutation: You are weak. (Str -2) [potion of mutation]
 13042 | D:9      | Lost mutation: You have a pair of small antennae on your
                  | head. [potion of mutation]
 13042 | D:9      | Gained mutation: Your flesh is heat resistant. (rF+)
                  | [potion of mutation]
 13042 | D:9      | Gained mutation: You are somewhat resistant to further
                  | mutation. [potion of mutation]
 13102 | D:10     | Reached XP level 11. HP: 88/94 MP: 14/14
 13581 | D:10     | Noticed an unseen horror
 13603 | D:10     | Killed an unseen horror
 13822 | D:10     | Noticed a queen ant
 13897 | D:10     | Killed a queen ant
 13898 | D:10     | Noticed a two-headed ogre
 14154 | D:10     | Killed a two-headed ogre
 14176 | D:9      | Reached skill level 9 in Fighting
 14444 | D:10     | Noticed Fannar
 14450 | D:10     | Killed Fannar
 14506 | D:10     | Found a stormy altar of Qazlal.
 14681 | D:10     | Found a portal to a secret trove of treasure.
 14830 | D:11     | Noticed an unseen horror
 14840 | D:11     | Killed an unseen horror
 14873 | D:11     | Reached skill level 5 in Shields
 15354 | D:11     | Noticed an unseen horror
 15366 | D:11     | Killed an unseen horror
 15778 | D:11     | Found a staircase to the Lair.
 15815 | D:11     | Found a staircase to the Orcish Mines.
 15946 | D:12     | Reached XP level 12. HP: 75/106 MP: 15/15
 16132 | D:12     | Found a gate leading to a gauntlet.
 16156 | Gauntlet | Entered a Gauntlet
 16156 | Gauntlet | Found a transporter.
 16163 | Gauntlet | Found a transporter.
 16166 | Gauntlet | Found a transporter.
 16171 | Gauntlet | Found a runed translucent door.
 16173 | Gauntlet | Found a runed translucent door.
 16176 | Gauntlet | Found a transporter.
 16179 | Gauntlet | Found a transporter.
 16189 | Gauntlet | Noticed a seven-headed hydra
 16190 | Gauntlet | Found a transporter.
 16209 | Gauntlet | Found a transporter.
 16210 | Gauntlet | Noticed a ghost crab
 16219 | Gauntlet | Found a transporter.
 16226 | Gauntlet | Found a runed translucent door.
 16226 | Gauntlet | Noticed a cacodemon
 16232 | Gauntlet | Found a transporter.
 16239 | Gauntlet | Found a transporter.
 16253 | Gauntlet | Found a transporter.
 16268 | Gauntlet | Found a transporter.
 16268 | Gauntlet | Found a transporter.
 16323 | Gauntlet | Found a transporter.
 16448 | Gauntlet | Reached skill level 10 in Fighting
 16717 | Gauntlet | Got a fine hat
 16801 | Gauntlet | Noticed a minotaur
 16828 | Gauntlet | Killed a minotaur
 17198 | D:12     | Noticed a four-headed hydra
 17210 | D:12     | Killed a four-headed hydra
 17242 | D:12     | Noticed Maurice
 17258 | D:12     | Killed Maurice
 17259 | D:12     | Reached skill level 5 in Dodging
 17343 | D:12     | Noticed Urug
 17360 | D:12     | Killed Urug
 17521 | D:12     | Noticed Nergalle
 17555 | D:12     | Killed Nergalle
 18142 | D:13     | Reached skill level 1 in Spellcasting
 18868 | D:13     | Found a gate to the Vaults.
 18868 | D:13     | Noticed a vault guard
 18927 | D:13     | Killed a vault guard
 18928 | D:13     | Reached skill level 11 in Fighting
 19045 | D:13     | Identified the cursed -3 hat of the Pleiades {+Fly rPois
                  | rC+ Stlth-} (You found it in a Gauntlet)
 19558 | D:14     | Noticed a death knight
 19603 | D:13     | Killed a death knight
 20319 | Lair:1   | Entered Level 1 of the Lair of Beasts
 20443 | Lair:1   | Noticed Gastronok
 20599 | Lair:1   | Killed Gastronok
 20600 | Lair:1   | Reached XP level 13. HP: 113/116 MP: 19/21
 21707 | Lair:2   | Found a staircase to the Snake Pit.
 23205 | Lair:3   | Found a staircase to the Swamp.
 24213 | Lair:4   | Reached skill level 12 in Fighting
 25885 | Lair:5   | Reached skill level 15 in Maces & Flails
 26489 | Lair:6   | Entered Level 6 of the Lair of Beasts
 26557 | Lair:6   | Reached XP level 14. HP: 101/127 MP: 24/24
 26640 | Lair:6   | Found a staircase to the Slime Pits.
 28078 | Lair:6   | Reached skill level 13 in Fighting
 28477 | Lair:6   | Reached skill level 10 in Armour
 28897 | Orc:1    | Entered Level 1 of the Orcish Mines
 29011 | Orc:2    | Entered Level 2 of the Orcish Mines
 29359 | Orc:2    | Noticed an orc warlord
 29600 | Orc:1    | Killed an orc warlord
 30370 | Orc:2    | Found a staircase to the Elven Halls.
 30819 | Orc:2    | Found Vemilibb's Book Emporium.
 30819 | Orc:2    | Found Jovia's Assorted Antiques.
 30841 | Orc:2    | Found Uqadin's Book Emporium.
 30841 | Orc:2    | Found Loat's General Store.
 30859 | Orc:2    | Bought a book of Party Tricks for 650 gold pieces
 30859 | Orc:2    | Bought the +3 pair of gauntlets of War {Slay+5} for 617
                  | gold pieces
 30859 | Orc:2    | Found the +3 pair of gauntlets of War {Slay+5}
 30866 | Orc:2    | Bought a scroll of magic mapping for 105 gold pieces
 30866 | Orc:2    | Bought a scroll of teleportation for 90 gold pieces
 30866 | Orc:2    | Bought a potion of curing for 90 gold pieces
 31107 | Orc:1    | Found a roughly hewn altar of Beogh.
 31267 | Orc:1    | Found a transporter.
 31268 | Orc:1    | Noticed Beocich's ghost (journeyman MiBe)
 31281 | Orc:1    | Found a transporter.
 31384 | Orc:1    | Gained mutation: Your body sometimes deteriorates upon
                  | taking damage. [a neqoxec]
 31387 | Orc:1    | Gained mutation: You are dopey. (Int -2) [a neqoxec]
 31388 | Orc:1    | Gained mutation: Your body often deteriorates upon taking
                  | damage. [a neqoxec]
 31396 | Orc:1    | Gained mutation: You are frail. (-10% HP) [a neqoxec]
 31435 | Orc:1    | Killed Beocich's ghost
 31447 | Orc:1    | Lost mutation: You are frail. (-10% HP) [potion of
                  | mutation]
 31447 | Orc:1    | Lost mutation: Your flesh is heat resistant. (rF+) [potion
                  | of mutation]
 31447 | Orc:1    | Gained mutation: You have a pair of small antennae on your
                  | head. [potion of mutation]
 31699 | Swamp:1  | Entered Level 1 of the Swamp
 31967 | Lair:3   | Reached XP level 15. HP: 41/137 MP: 25/25
 32272 | Lair:3   | Learned a level 3 spell: Lesser Beckoning
 32967 | Swamp:2  | Reached skill level 1 in Translocations
 33092 | Swamp:2  | Found a runed translucent gate.
 33092 | Swamp:2  | Found a runed translucent gate.
 33092 | Swamp:2  | Found a runed translucent gate.
 33122 | Swamp:2  | Noticed morax's ghost (adept FoFi)
 33318 | Swamp:2  | Noticed Nikola
 33345 | Swamp:2  | Reached skill level 14 in Fighting
 33348 | Swamp:2  | Killed Nikola
 34115 | Swamp:3  | Lost mutation: You are somewhat resistant to further
                  | mutation. [potion of mutation]
 34115 | Swamp:3  | Lost mutation: You are dopey. (Int -2) [potion of mutation]
 34115 | Swamp:3  | Lost mutation: Your body often deteriorates upon taking
                  | damage. [potion of mutation]
 34115 | Swamp:3  | Gained mutation: You are strong-willed. (Will+) [potion of
                  | mutation]
 34115 | Swamp:3  | Gained mutation: Your mind is acute. (Int +2) [potion of
                  | mutation]
 34115 | Swamp:3  | Gained mutation: You can translocate small distances at
                  | will. [potion of mutation]
 34115 | Swamp:3  | Gained mutation: You have large cloven feet. [potion of
                  | mutation]
 34455 | Swamp:4  | Entered Level 4 of the Swamp
 35126 | Swamp:2  | Killed morax's ghost
 35566 | Swamp:3  | Reached skill level 5 in Translocations
 36493 | Swamp:4  | Found a runed translucent gate.
 36493 | Swamp:4  | Found a runed translucent gate.
 36494 | Swamp:4  | Found a runed translucent gate.
 36496 | Swamp:4  | Noticed reggie's ghost (journeyman DrWz)
 36496 | Swamp:4  | Noticed Iffuusoj's ghost (adept MiBe)
 36572 | Swamp:4  | Identified Roxanne's Disquisition on Shape Shifting
 36572 | Swamp:4  | Noticed Roxanne
 36625 | Swamp:4  | Killed Roxanne
 36710 | Swamp:4  | Got a decaying rune of Zot
 37010 | Swamp:4  | Killed reggie's ghost
 37434 | Snake:1  | Entered Level 1 of the Snake Pit
 37479 | Lair:2   | Reached XP level 16. HP: 64/147 MP: 5/26
 37761 | Snake:1  | Noticed Aizul
 37766 | Snake:1  | Noticed Agnes
 37768 | Snake:1  | Reached skill level 15 in Fighting
 37943 | Snake:1  | Killed Aizul
 37950 | Snake:1  | Killed Agnes
 38656 | Snake:2  | Found Vauguc's Book Shoppe.
 38764 | Snake:2  | Found a runed translucent gate.
 38764 | Snake:2  | Found a runed translucent gate.
 38764 | Snake:2  | Found a runed translucent gate.
 38764 | Snake:2  | Noticed Sokuv's ghost (adept DECj)
 39999 | Snake:2  | Identified the Grimoire of the Arsonist and Stolen Souls
 40472 | Snake:2  | Reached skill level 1 in Evocations
 40718 | Snake:3  | Reached skill level 16 in Fighting
 41280 | Snake:3  | Found a transporter.
 41290 | Snake:3  | Identified the +4 battleaxe of Gallantry {antimagic, +Blink
                  | rC- rN+ Str+9}
 41291 | Snake:3  | Found a bloodstained altar of Trog.
 41292 | Snake:3  | Noticed Froggeryz's ghost (adept OpBe)
 41453 | Snake:3  | Found a transporter.
 41978 | Snake:4  | Entered Level 4 of the Snake Pit
 42748 | Snake:4  | Reached XP level 17. HP: 118/158 MP: 27/27
 43898 | Snake:3  | Reached skill level 5 in Evocations
 46028 | Snake:4  | Reached skill level 17 in Fighting
 46194 | Snake:4  | Got a serpentine rune of Zot
 46710 | D:14     | Found a runed translucent door.
 46835 | D:14     | Found a runed translucent door.
 46971 | D:14     | Found a runed translucent door.
 47013 | D:14     | Got a jewelled cloak
 47014 | D:14     | Identified the +0 cloak of Sovaor {rC+ SInv} (You found it
                  | on level 14 of the Dungeon)
 47352 | D:15     | Entered Level 15 of the Dungeon
 47352 | D:15     | Found Umaxtu's Gadget Emporium.
 47849 | D:15     | Noticed Jorgrun
 48005 | D:15     | Noticed Nessos
 48258 | D:14     | Killed Jorgrun
 48613 | D:15     | Killed Nessos
 48767 | D:15     | Reached XP level 18. HP: 170/170 MP: 28/28
 48827 | D:15     | Found a staircase to the Depths.
 49241 | Depths:1 | Entered Level 1 of the Depths
 49329 | Vaults:1 | Entered Level 1 of the Vaults
 49336 | Vaults:1 | Reached skill level 10 in Shields
 49955 | D:13     | Acquired the +7 demon whip of Kaepume {freeze, rF+ rC+
                  | Str+2}
 50542 | Vaults:1 | Reached skill level 18 in Fighting
 52175 | Vaults:2 | Found a staircase to the Crypt.
 52419 | Vaults:2 | Reached XP level 19. HP: 180/181 MP: 29/29
 52732 | Vaults:2 | Learned a level 5 spell: Borgnjor's Vile Clutch
 53262 | Vaults:2 | Reached skill level 19 in Fighting
 55441 | Vaults:3 | Identified the ring of Akowiv {+Inv rF- rN++ Str+4 Dex+6}
 55911 | Vaults:4 | Found Sehetusti's Book Shop.
 56054 | Vaults:4 | Bought a book of Spatial Translocations for 1365 gold
                  | pieces
 56057 | Vaults:4 | Learned a level 2 spell: Blink
 56177 | Vaults:4 | Reached skill level 20 in Fighting
 56245 | Vaults:4 | Reached XP level 20. HP: 163/193 MP: 30/30
 56445 | Vaults:4 | HP: 7/193 [demonic crawler[an ironheart preserver] (5)]
 56446 | Vaults:4 | HP: 1/193 [hellwing[an ironheart preserver] (9)]
 56446 | Vaults:4 | Slain by a hellwing

Illustrated notes

Levels and vault maps discovered:
D:1:      lemuel_arrival_behind_the_door_small, layout_basic,
          hangedman_feature_mirror
D:2:      layout_loops_ring
D:3:      layout_rooms, chequers_serial_rivers_small_3,
          chequers_serial_rivers_small_3
D:4:      layout_loops_ring, kennysheep_mini_moat,
          lemuel_coloured_pillars_altar, serial_shops, shop_statue
D:5:      layout_basic, grunt_gozag_statues, uniq_sigmund
D:6:      layout_cave_pools, minmay_temple_entry_tees, evilmike_ruin_ashenzari,
          uniq_grinder
D:7:      layout_basic, serial_shops, nicolae_shop_window_shopping
D:8:      layout_basic, kiku_gazebo_garden_becter, nzn_wu_jian_contemplation,
          eino_jars, uniq_maggie
D:9:      layout_long_grid, enter_bailey_2, glass_columns_b,
          hangedman_decor_growths, minmay_misc_feat_tiny,
          chequers_serial_rivers_small_3, minmay_fractal_squares_diagonal_5
D:10:     layout_loops_ring, serial_glass, glass_columns_a, glass_columns_b,
          minmay_strange_pillars, feat_on_display, minmay_strange_pillars,
          feat_on_display, enter_trove_6, basic_altar, minmay_another_anthill,
          uniq_fannar
D:11:     layout_cross, grunt_lair_entry_orc_guard_hut, hiddenorc1_lemuel
D:12:     layout_roguey, gauntlet_entry_generic, kennysheep_generic_room_16,
          uniq_maurice, uniq_urug, uniq_nergalle
D:13:     layout_cave_pods, david_vaults_5
D:14:     minmay_the_grid_triangle_9x9_rhombus_full_mashed
          [minmay_the_grid_triangle_9x9_empty,
          minmay_the_grid_triangle_9x9_thin_v,
          minmay_the_grid_triangle_9x9_minimal,
          minmay_the_grid_triangle_9x9_subtriangle,
          minmay_the_grid_triangle_9x9_empty,
          minmay_the_grid_triangle_9x9_pentomino_pain,
          minmay_the_grid_triangle_9x9_tough_junction,
          minmay_the_grid_triangle_9x9_prize_center], layout_cave_pools,
          corexii_hall_statues_u
D:15:     gammafunk_depths_entry_grave, layout_irregular_city, serial_shops,
          nicolae_shop_statue_plus, uniq_jorgrun, uniq_nessos
Lair:1:   layout_chaotic_city, nicolae_quartered_pool_little,
          hangedman_lair_unloving_vines, uniq_gastronok
Lair:2:   layout_roguey, guppyfry_snake_entry_island
Lair:3:   layout_layer_cave, minmay_swamp_entry_worms
Lair:4:   layout_misc_corridors, cheibrodos_lair_reptile_den, grunt_megastairs_2
Lair:5:   layout_cave_pods, lookout_lair_type, st_stairs_5, minivault_11,
          grunt_forest_small_clearings, eino_small_chamber_without_monster,
          serial_bayou_shore_a
Lair:6:   grunt_lair_end_beastmaster, layout_gridlike,
          minmay_slime_entry_pillars, grunt_forest_stairs_basic,
          grunt_megastairs_4
Swamp:1:  layout_basic_swamp, evilmike_swamp_ruin_house_3, swamp_pool1
Swamp:2:  layout_falls_marsh, ebering_ghost_rock_garden,
          nicolae_swamp_feature_on_the_river_bank, swamp_pool1, uniq_nikola
Swamp:3:  layout_basic_swamp, nicolae_swamp_triple_paths, swamp_pool5,
          lightli_tree_ring
Swamp:4:  swamp_fiery, layout_basic_swamp, gammafunk_ghost_cemetery,
          swamp_pool3, nzn_swamp_dancing_lights, uniq_roxanne
Snake:1:  layout_cave_pods, serial_bayou_pond_d, uniq_aizul, uniq_agnes
Snake:2:  dpeg_oklob_gauntlet, layout_onion_interference,
          ebering_ghost_rock_garden, serial_shops, nicolae_shop_behind_doors,
          nrook_loot_triangle, hangedman_snake_corridor_cut
Snake:3:  layout_chambers, gammafunk_ghost_wrathful_warriors, drop_trap
Snake:4:  snake_pit_salamanders_mu, layout_gridlike, drop_trap
Orc:1:    layout_caves, gammafunk_ghost_stat_death, mines2_david
Orc:2:    grunt_orc_tribal_feast, layout_caves, nicolae_orc_crystal_geode
Vaults:1: nicolae_vaults_yaktaur_gun_rack, ontoclasm_vaults_ring_large,
          nicolae_vaults_little_squares_6, v_rooms_6, vaults_standard_mumra_x,
          vaults_dpeg_diagonal, st_hourglassy, hangedman_vaults_capsules,
          hangedman_vaults_nodes, v_misc_16, v_misc_1, grunt_vaults_bifocal,
          layout_vaults_ring
Vaults:2: nicolae_vaults_hallways_thing, nicolae_vaults_ring_of_whatevers,
          ontoclasm_vaults_gateway, ontoclasm_vaults_fire_temple, v_pattern_2,
          v_misc_1, vaults_dpeg_hooks, nicolae_vaults_puzzle_piece,
          minmay_crypt_entry_skeletal_spiral, vaults_standard_mumra_lines,
          nicolae_vaults_rhombus_7, v_misc_10,
          nicolae_vaults_diagonal_hallway_7, layout_vaults_omnibox
Vaults:3: nicolae_vaults_little_squares_4, st_eye, v_misc_29,
          ontoclasm_vaults_chip, nicolae_vaults_diagonal_hallway_8,
          ontoclasm_vaults_eye, ontoclasm_vaults_pinch, grunt_vaults_funnel,
          layout_vaults_quadrants
Vaults:4: vaults_room_octagon, v_misc_4, v_pattern_5, v_misc_17,
          hangedman_vaults_stretched_pinwheel, v_misc_14,
          nicolae_vaults_little_squares_3, layout_vaults_chaotic_city,
          serial_shops, nicolae_shop_statue_plus, uniq_bai_suzhen
Depths:1: layout_gridlike, serial_sigils_hangedman_quiver,
          pf_hell_entry_great_geh, lemuel_flamethrower_3, serial_bayou_shore_b,
          minmay_shop_grove

Skill      XL: |  1  2  3  4  5  6  7  8  9 10 11 12 13 14 15 16 17 18 19 |
---------------+----------------------------------------------------------+-----
Fighting       | 2 3 4 5 7 8 9 11 12 13 14 16 17 18 20 | 20.1
Maces & Flails | 3 4 5 6 7 8 10 11 13 14 15 16 | 16.1
Armour         | 1 4 6 7 8 10 12 13 | 13.7
Throwing       | 2 |  2.0
Shields        | 4 5 6 9 12 14 | 14.9
Dodging        | 3 5 |  5.5
Spellcasting   | 3 4 |  4.0
Translocations | 6 |  6.3
Evocations     | 3 7 8 |  8.0

Action                   |  1- 3 |  4- 6 |  7- 9 | 10-12 | 13-15 | 16-18 | 19-21 || total
-------------------------+-------+-------+-------+-------+-------+-------+-------++-------
Melee: Flail             |   132 |   111 |       |       |       |       |       ||   243
       Unarmed           |    12 |     4 |       |       |       |       |       ||    16
       Whip              |       |    36 |   776 |  1917 |  3060 |  2169 |       ||  7958
       Demon whip        |       |       |       |       |       |   477 |   736 ||  1213
       Morningstar       |       |       |       |       |       |   134 |       ||   134
Throw: Dart              |       |     5 |     7 |    63 |    35 |     8 |     7 ||   125
       Boomerang         |       |       |       |       |    38 |    11 |       ||    49
       Javelin           |       |       |       |       |     2 |       |       ||     2
 Cast: Lesser Beckoning  |       |       |       |       |       |     2 |     2 ||     4
Evoke: Wand              |       |     6 |     6 |    26 |    10 |     4 |       ||    52
       Lightning rod     |       |       |       |     4 |       |       |       ||     4
       Tin of tremorston |       |       |       |       |     2 |       |       ||     2
  Use: Scroll            |       |     1 |    11 |    10 |    11 |    20 |     1 ||    54
       Potion            |       |       |     2 |    16 |    10 |     7 |     1 ||    36
 Stab: Confused          |     1 |       |       |       |       |       |       ||     1
       Sleeping          |       |     1 |       |       |     1 |       |       ||     2
       Paralysed         |       |       |    10 |    77 |       |       |       ||    87
       Petrified         |       |       |       |       |    24 |       |       ||    24
Armor: Leather armour    |     9 |       |       |       |       |       |       ||     9
       Ring mail         |    38 |    35 |       |       |       |       |       ||    73
       Scale mail        |       |       |   180 |   253 |   195 |       |       ||   628
       Quicksilver drago |       |       |       |       |   330 |   496 |       ||   826
       Pearl dragon scal |       |       |       |       |       |   290 |   227 ||   517
Dodge: Dodged            |   109 |    98 |   299 |   424 |   774 |   875 |   269 ||  2848
Block: Buckler           |       |       |    74 |   351 |   530 |   700 |   248 ||  1903
       Reflection        |       |       |     2 |    20 |    13 |    90 |    21 ||   146
